 Dungeon Crawl Stone Soup version 0.26.1-11-gd32895ea62 (webtiles) character file.

Game seed: 16156955682354793910

19282 jlumianski the Thaumaturge (level 12, -17/94 HPs)
             Began as a Gnoll Warper on May 1, 2021.
             Was a High Priest of Okawaru.
             Demolished by an orc warrior
             ... wielding a +0 great mace
              (36 damage)
             ... while paralysed by an orc sorcerer
             ... on level 2 of the Orcish Mines on May 2, 2021.
             The game lasted 01:58:10 (18230 turns).

jlumianski the Thaumaturge (Gnoll Warper)          Turns: 18230, Time: 01:58:11

Health: -17/94     AC: 16    Str: 16    XL:     12   Next: 67%
Magic:  20/25      EV:  2    Int: 17    God:    Okawaru [*****.]
Gold:   1206       SH:  0    Dex: 14    Spells: 22/29 levels left

rFire    . . .     SeeInvis .   E - +4 war axe (freeze)
rCold    . . .     Faith    .   (no shield)
rNeg     + . .     Spirit   .   w - +0 troll leather armour
rPois    .         Reflect  .   S - +1 helmet
rElec    .         Harm     .   F - +1 cloak
rCorr    .         Rampage  .   c - +1 pair of gloves
Will     .....                  C - +1 pair of boots
Stlth    ++++++....             a - amulet of the acrobat
HPRegen  1.05/turn              G - ring of positive energy
MPRegen  0.19/turn              k - ring of stealth

@: paralysed, heroism, finesse
A: distributed training, fangs 1, dopey 1, regeneration 1, subdued magic 1,
strong nose
a: Renounce Religion, Heroism, Finesse


You were on level 2 of the Orcish Mines.
You worshipped Okawaru.
Okawaru was extremely pleased with you.
You visited 4 branches of the dungeon, and saw 16 of its levels.
You also visited: Ossuary.

You collected 1236 gold pieces.
You spent 30 gold pieces at shops.

Inventory:

Hand Weapons
 D - a +4 trident
 E - a +4 war axe of freezing (weapon)
 L - a +2 shortbow of flaming
Missiles
 e - 4 boomerangs of dispersal
 o - 72 poisoned darts
 u - 4 atropa-tipped darts
 B - 18 boomerangs
 I - 5 curare-tipped darts
 K - 13 silver boomerangs (quivered)
 N - 281 arrows
 U - 5 javelins
Armour
 c - a +1 pair of gloves (worn)
 w - a +0 troll leather armour (worn)
 C - a +1 pair of boots (worn)
 F - a +1 cloak (worn)
 S - a +1 helmet (worn)
Jewellery
 a - an amulet of the acrobat (around neck)
 k - a ring of stealth (right hand)
 s - an uncursed ring of fire
 G - a ring of positive energy (left hand)
Wands
 p - a wand of acid (17)
 r - a wand of paralysis (10)
 v - a wand of digging (3)
 H - a wand of iceblast (2)
Scrolls
 d - a scroll of blinking
 h - 13 scrolls of remove curse
 m - 8 scrolls of teleportation
 q - 5 scrolls of identify
 x - 4 scrolls of fear
 O - a scroll of fog
 R - 3 scrolls of magic mapping
Potions
 l - 3 potions of heal wounds
 z - a potion of flight
 J - 5 potions of curing
 P - 3 potions of cancellation
 X - a potion of lignification


   Skills:
 + Level 8.9(13.9) Fighting
 + Level 7.5(12.5) Short Blades
 + Level 7.5(12.5) Long Blades
 + Level 8.9(13.9) Axes
 + Level 7.5(12.5) Maces & Flails
 + Level 7.5(12.5) Polearms
 + Level 7.5(12.5) Staves
 + Level 7.5(12.5) Slings
 + Level 7.5(12.5) Bows
 + Level 7.5(12.5) Crossbows
 + Level 8.0(13.0) Throwing
 + Level 8.0(13.0) Armour
 + Level 8.9(13.9) Dodging
 + Level 7.5(12.5) Stealth
 + Level 7.5(12.5) Shields
 + Level 7.5(12.5) Unarmed Combat
 + Level 9.1 Spellcasting
 + Level 6.2 Conjurations
 + Level 6.2 Hexes
 + Level 6.2 Summonings
 + Level 6.2 Necromancy
 + Level 8.4 Translocations
 + Level 6.2 Transmutations
 + Level 6.2 Fire Magic
 + Level 6.2 Ice Magic
 + Level 6.2 Air Magic
 + Level 6.2 Earth Magic
 + Level 6.2 Poison Magic
 + Level 8.2 Invocations
 + Level 7.5 Evocations


You had 22 spell levels left.
You knew the following spells:

 Your Spells              Type           Power        Failure   Level
a - Blink                 Tloc           N/A          1%          2
b - Gell's Gravitas       Tloc           14%          1%          3
c - Wereblood             Tmut           22%          1%          2

Your spell library contained the following spells:

 Spells                   Type           Power        Failure   Level
 Beastly Appendage        Tmut           44%          1%          1
 Lesser Beckoning         Tloc           14%          1%          3
 Spider Form              Tmut/Pois      11%          1%          3
 Teleport Other           Tloc           28%          1%          3
 Passage of Golubria      Tloc           N/A          2%          4
 Ice Form                 Ice/Tmut       22%          7%          4
 Blade Hands              Tmut           11%          19%         5
 Bolt of Magma            Conj/Fire/Erth 11%          19%         5
 Irradiate                Conj/Tmut      11%          19%         5
 Iskenderun's Battlesphe  Conj           22%          19%         5
 Hydra Form               Tmut           11%          73%         6
 Iron Shot                Conj/Erth      11%          73%         6
 Statue Form              Tmut/Erth      14%          73%         6
 Dragon Form              Tmut           11%          100%        7
 Orb of Destruction       Conj           11%          100%        7
 Spellforged Servitor     Conj/Summ      11%          100%        7


Dungeon Overview and Level Annotations

Branches:
Dungeon (12/15)            Temple (1/1) D:6            Lair (1/6) D:8
    Orc (2/2) D:10        Ossuary (visited)
    Elf: Orc:2

Altars:
Ashenzari
Cheibriados
Dithmenos
Elyvilon
Fedhas
Gozag
Hepliaklqana
Kikubaaqudgha
Makhleb
Nemelex Xobeh
Okawaru
Qazlal
Ru
Sif Muna
Trog
Uskayaw
Vehumet
Wu Jian
Xom
Yredelemnul
Zin
The Shining One

Shops:
D:7 !


Innate Abilities, Weirdness & Mutations

Your experience applies equally to all skills.
You have very sharp teeth.
Your uncanny sense of smell can sniff out nearby items.
You are dopey. (Int -2)
Your natural rate of healing is unusually fast.
Your spells are a little easier to cast, but a little less powerful.


Message History

You can now deal lightning-fast blows.
The orc sorcerer gestures at you while chanting.
You suddenly lose the ability to move!
The orc knight hits you with a +0 battleaxe!!
The orc hits you but does no damage.
The orc knight hits you with a +0 battleaxe.
An orc warrior comes into view.
It is wielding a +0 glaive and wearing a +1 plate armour of cold resistance.
The orc sorcerer hits you with a +0 dagger.
The orc warrior hits you with a +0 hand axe.
The orc knight hits you with a +0 battleaxe!
The orc sorcerer casts a spell.
The centaur shoots an arrow.
The arrow hits you. The arrow burns you.
The orc warrior hits you with a +0 hand axe!
* * * LOW HITPOINT WARNING * * *
The centaur shoots an arrow.
The arrow hits you.
* * * LOW HITPOINT WARNING * * *
The arrow burns you.
* * * LOW HITPOINT WARNING * * *
The orc warrior hits you with a +0 great mace!!!
You die...

#.....##.....##
#....###c...##
##....###o...#
#.....<#.(...##
∆
##............#
#..#.....##.##
#...#...ooc###
#.......o.o.#
#...#.#.o@o##
##.##....).(#
###..3...<##
##....(##
##..### #...#
##..## #...#
##.##


You could see an orc knight, a soul eater (summoned), an orc sorcerer (strong),
4 orc warriors, 2 centaurs and an orc (strong).

Vanquished Creatures
  The ghost of belegose the Thrower, a journeyman DgBr (D:11)
  Fannar (D:10)
  2 two-headed ogres (D:11)
  A centaur warrior (D:11)
  4 death yaks
  An unseen horror (D:11)
  An orc knight (D:10)
  A cyclops (D:11)
  A centaur zombie (D:11)
  Psyche (D:10)
  Maurice (D:7)
  3 trolls
  2 hornets
  3 slime creatures (D:11)
  A wraith (D:11)
  14 yaks
  A basilisk (D:12)
  4 ice beasts
  A sky beast (D:5)
  A hornet zombie (D:12)
  13 orc warriors
  2 necrophages
  A phantom (D:6)
  2 black bears
  2 eyes of draining
  9 centaurs
  7 ogres
  2 big kobolds
  8 bullfrogs
  A wyvern skeleton (D:11)
  6 killer bees (D:6)
  A scorpion (D:9)
  A water moccasin skeleton (D:6)
  3 wights (D:7)
  4 howler monkeys
  5 electric eels
  A bullfrog zombie (D:11)
  4 jellies
  3 centaur skeletons
  2 gnoll shamans
  7 hounds
  A human zombie (Ossuary)
  20 orc wizards
  3 bullfrog skeletons
  10 orc priests
  Crazy Yiuf (D:7)
  3 iguanas
  6 worker ants
  A hound zombie (D:7)
  3 mummies (Ossuary)
  2 worker ant zombies
  11 adders
  11 gnolls
  2 river rats (D:8)
  3 shadow imps
  6 white imps
  2 ufetubi
  An adder zombie (Ossuary)
  5 worms
  9 leopard geckos
  71 orcs
  10 giant cockroaches
  8 goblins
  9 hobgoblins
  8 jackals
  15 kobolds
  5 quokkas
  A ball python (D:3)
  A ball python skeleton (D:4)
  6 bats
  7 frilled lizards
  2 gnoll zombies (Ossuary)
  3 goblin zombies (Ossuary)
  2 hobgoblin zombies (Ossuary)
  5 kobold zombies (Ossuary)
  4 quokka zombies
  14 rats
  A rat zombie (Ossuary)
401 creatures vanquished.

Vanquished Creatures (others)
  2 orcs (D:12)
  A fungus (Lair:1)
3 creatures vanquished.

Grand Total: 404 creatures vanquished

Notes
Turn   | Place    | Note
-------+----------+-------------------------------------------
     0 | D:1      | jlumianski the Gnoll Warper began the quest for the Orb.
     0 | D:1      | Reached XP level 1. HP: 20/20 MP: 6/6
   131 | D:1      | Reached XP level 2. HP: 20/26 MP: 7/7
   669 | D:1      | Reached XP level 3. HP: 23/31 MP: 9/9
   672 | D:1      | Learned a level 2 spell: Blink
   676 | D:1      | Learned a level 3 spell: Gell's Gravitas
   899 | D:1      | Reached skill level 5 in Spellcasting
  1268 | D:2      | Reached skill level 1 in Invocations
  1350 | D:2      | Reached skill level 1 in Short Blades
  1350 | D:2      | Reached skill level 1 in Long Blades
  1350 | D:2      | Reached skill level 1 in Maces & Flails
  1350 | D:2      | Reached skill level 1 in Polearms
  1350 | D:2      | Reached skill level 1 in Staves
  1350 | D:2      | Reached skill level 1 in Slings
  1350 | D:2      | Reached skill level 1 in Bows
  1350 | D:2      | Reached skill level 1 in Crossbows
  1350 | D:2      | Reached skill level 1 in Stealth
  1350 | D:2      | Reached skill level 1 in Shields
  1350 | D:2      | Reached skill level 1 in Unarmed Combat
  1350 | D:2      | Reached skill level 1 in Evocations
  1353 | D:2      | You fall into a shaft and drop 2 floors!
  1405 | D:4      | Reached XP level 4. HP: 38/38 MP: 3/11
  1517 | D:4      | Reached skill level 1 in Conjurations
  1517 | D:4      | Reached skill level 1 in Hexes
  1517 | D:4      | Reached skill level 1 in Summonings
  1517 | D:4      | Reached skill level 1 in Necromancy
  1517 | D:4      | Reached skill level 1 in Transmutations
  1517 | D:4      | Reached skill level 1 in Fire Magic
  1517 | D:4      | Reached skill level 1 in Ice Magic
  1517 | D:4      | Reached skill level 1 in Air Magic
  1517 | D:4      | Reached skill level 1 in Earth Magic
  1517 | D:4      | Reached skill level 1 in Poison Magic
  1521 | D:4      | Reached XP level 5. HP: 38/43 MP: 6/12
  3452 | D:4      | Reached XP level 6. HP: 16/50 MP: 13/13
  4218 | D:4      | Reached skill level 5 in Fighting
  4218 | D:4      | Reached skill level 5 in Axes
  4218 | D:4      | Reached skill level 5 in Dodging
  4491 | D:5      | Entered Level 5 of the Dungeon
  4784 | D:5      | Reached XP level 7. HP: 48/56 MP: 15/15
  6029 | D:5      | Reached XP level 8. HP: 27/63 MP: 12/16
  7239 | D:5      | Reached skill level 6 in Spellcasting
  7592 | D:6      | Gained mutation: You are dopey. (Int -2) [potion of
                  | mutation]
  7592 | D:6      | Gained mutation: Your spells are a little easier to cast,
                  | but a little less powerful. [potion of mutation]
  7592 | D:6      | Gained mutation: Your natural rate of healing is unusually
                  | fast. [potion of mutation]
  7940 | D:6      | Reached XP level 9. HP: 64/69 MP: 15/18
  8067 | D:6      | Found a staircase to the Ecumenical Temple.
  8089 | Temple   | Entered the Ecumenical Temple
  8141 | Temple   | Became a worshipper of Warmaster Okawaru
  8741 | D:7      | Found Jouxku's Distillery.
  8755 | D:7      | Bought a potion of curing for 30 gold pieces
  9083 | D:7      | Reached skill level 5 in Throwing
  9083 | D:7      | Reached skill level 5 in Armour
  9283 | D:7      | Reached * piety under Okawaru
  9449 | D:7      | Found a runed translucent door.
  9450 | D:7      | Noticed Crazy Yiuf
  9900 | D:6      | Reached skill level 5 in Invocations
 10597 | D:7      | Killed Crazy Yiuf
 10732 | D:8      | Noticed Maurice
 10796 | D:8      | Found a sand-covered staircase.
 10807 | Ossuary  | Entered an ossuary
 11053 | D:8      | Noticed a hornet
 11065 | D:8      | Paralysed by a hornet for 2 turns
 11071 | D:8      | Killed a hornet
 11072 | D:8      | Reached skill level 7 in Spellcasting
 11072 | D:8      | Reached XP level 10. HP: 30/77 MP: 16/20
 11282 | D:8      | Noticed a death yak
 11290 | D:8      | Noticed a death yak
 11319 | D:7      | Paralysed by a hornet for 2 turns
 11553 | D:8      | Paralysed by something for 4 turns
 11558 | D:8      | Reached skill level 5 in Short Blades
 11558 | D:8      | Reached skill level 5 in Long Blades
 11558 | D:8      | Reached skill level 5 in Maces & Flails
 11558 | D:8      | Reached skill level 5 in Polearms
 11558 | D:8      | Reached skill level 5 in Staves
 11558 | D:8      | Reached skill level 5 in Slings
 11558 | D:8      | Reached skill level 5 in Bows
 11558 | D:8      | Reached skill level 5 in Crossbows
 11558 | D:8      | Reached skill level 5 in Stealth
 11558 | D:8      | Reached skill level 5 in Shields
 11558 | D:8      | Reached skill level 5 in Unarmed Combat
 11558 | D:8      | Reached skill level 5 in Evocations
 11580 | D:7      | Killed Maurice
 11580 | D:7      | Reached ** piety under Okawaru
 11727 | D:8      | Noticed a death yak
 11789 | D:8      | Found a staircase to the Lair.
 11962 | D:7      | Killed a death yak
 12052 | D:7      | Killed a death yak
 12131 | D:7      | Killed a death yak
 12382 | Lair:1   | Entered Level 1 of the Lair of Beasts
 12539 | D:9      | Found a shimmering altar of Xom.
 12638 | D:9      | Reached *** piety under Okawaru
 12820 | D:9      | Noticed a death yak
 12835 | D:9      | Reached XP level 11. HP: 22/84 MP: 17/22
 12955 | D:9      | Found a shimmering altar of Xom.
 13390 | D:8      | Killed a death yak
 13391 | D:8      | Reached skill level 5 in Conjurations
 13391 | D:8      | Reached skill level 5 in Hexes
 13391 | D:8      | Reached skill level 5 in Summonings
 13391 | D:8      | Reached skill level 5 in Necromancy
 13391 | D:8      | Reached skill level 5 in Transmutations
 13391 | D:8      | Reached skill level 5 in Fire Magic
 13391 | D:8      | Reached skill level 5 in Ice Magic
 13391 | D:8      | Reached skill level 5 in Air Magic
 13391 | D:8      | Reached skill level 5 in Earth Magic
 13391 | D:8      | Reached skill level 5 in Poison Magic
 13608 | D:8      | Reached skill level 8 in Spellcasting
 13702 | D:9      | Reached **** piety under Okawaru
 13771 | D:9      | Received a gift from Okawaru
 13895 | D:10     | Entered Level 10 of the Dungeon
 13942 | D:10     | Noticed Fannar
 13966 | D:10     | Killed Fannar
 14031 | D:10     | Noticed Psyche
 14089 | D:10     | Got a faintly humming robe
 14102 | D:10     | Killed Psyche
 14198 | D:10     | Identified the +2 robe of a Labyrinth {Harm rC+ MP-9 Int+2}
                  | (You found it on level 10 of the Dungeon)
 14621 | D:10     | Got an ichor-stained cloak
 14622 | D:10     | Identified the +1 cloak of the King of the Hill {+Inv Dex+8
                  | Slay-3 SInv} (You found it on level 10 of the Dungeon)
 14629 | D:10     | Found a staircase to the Orcish Mines.
 14975 | D:11     | Noticed a two-headed ogre
 14986 | D:11     | Killed a two-headed ogre
 15016 | D:11     | Learned a level 2 spell: Wereblood
 15160 | D:11     | Found a transporter.
 15172 | D:11     | Found a transporter.
 15187 | D:11     | Noticed belegose's ghost (journeyman DgBr)
 15209 | D:11     | Reached ***** piety under Okawaru
 15338 | D:11     | Noticed a two-headed ogre
 15346 | D:11     | Killed a two-headed ogre
 15346 | D:11     | Received a gift from Okawaru
 15347 | D:11     | Reached XP level 12. HP: 70/94 MP: 24/24
 16116 | D:11     | Killed belegose's ghost
 16116 | D:11     | Received a gift from Okawaru
 16317 | D:12     | Noticed a centaur warrior
 16487 | D:11     | Received a gift from Okawaru
 16570 | D:11     | Killed a centaur warrior
 16915 | D:12     | Found a glowing golden altar of the Shining One.
 17246 | Lair:1   | Reached skill level 9 in Spellcasting
 17408 | Orc:1    | Entered Level 1 of the Orcish Mines
 17905 | Orc:2    | Entered Level 2 of the Orcish Mines
 18078 | Orc:2    | Noticed a centaur warrior
 18226 | Orc:2    | Paralysed by an orc sorcerer for 5 turns
 18230 | Orc:2    | Noticed a soul eater
 18230 | Orc:2    | Demolished by an orc warrior

Illustrated notes

Levels and vault maps discovered:
D:1:      heliophobic_arrival_henge, layout_basic, minmay_misc_feat_cross,
          minmay_misc_feat_x, st_stairs_13
D:2:      layout_loops_ring, minmay_diced_spiral
D:3:      layout_loops_ring
D:4:      layout_basic
D:5:      layout_loops_corners
D:6:      layout_rooms, minmay_temple_entry_proselytizer,
          kennysheep_generic_room_14
D:7:      layout_layer_cave, serial_shops, nicolae_shop_trees,
          uniq_crazy_yiuf_cottage
D:8:      layout_basic, dpeg_lair_monsters,
          lightli_ossuary_entry_decrepit_ruins, uniq_maurice
D:9:      argonaut_augean_stables, layout_cave_pools, xom_teletrap_fun,
          kennysheep_flooded_box, minmay_unpleasant_kobolds
D:10:     layout_basic, orc_0_dummy, fungi_pond_lemuel, uniq_psyche, uniq_fannar
D:11:     layout_basic, nzn_ghost_randoct
D:12:     layout_basic, basic_altar
Temple:   compressed_dpeg_circular_temple
Lair:1:   layout_cave_pods, beast_lair_carwin_6
Orc:1:    layout_caves, portal_ice_cave_entry_pillars_1
Orc:2:    st_orc_rangers, layout_caves

Skill      XL: |  1  2  3  4  5  6  7  8  9 10 11 12 |
---------------+-------------------------------------+-----
Spellcasting   | 5 6 7 8 9 |  9.1
Invocations    | 1 2 3 4 5 6 7 8 |  8.2
Short Blades   | 1 2 3 4 5 6 7 |  7.5
Long Blades    | 1 2 3 4 5 6 7 |  7.5
Maces & Flails | 1 2 3 4 5 6 7 |  7.5
Polearms       | 1 2 3 4 5 6 7 |  7.5
Staves         | 1 2 3 4 5 6 7 |  7.5
Slings         | 1 2 3 4 5 6 7 |  7.5
Bows           | 1 2 3 4 5 6 7 |  7.5
Crossbows      | 1 2 3 4 5 6 7 |  7.5
Stealth        | 1 2 3 4 5 6 7 |  7.5
Shields        | 1 2 3 4 5 6 7 |  7.5
Unarmed Combat | 1 2 3 4 5 6 7 |  7.5
Evocations     | 1 2 3 4 5 6 7 |  7.5
Conjurations   | 1 2 3 4 5 6 |  6.2
Hexes          | 1 2 3 4 5 6 |  6.2
Summonings     | 1 2 3 4 5 6 |  6.2
Necromancy     | 1 2 3 4 5 6 |  6.2
Transmutations | 1 2 3 4 5 6 |  6.2
Fire Magic     | 1 2 3 4 5 6 |  6.2
Ice Magic      | 1 2 3 4 5 6 |  6.2
Air Magic      | 1 2 3 4 5 6 |  6.2
Earth Magic    | 1 2 3 4 5 6 |  6.2
Poison Magic   | 1 2 3 4 5 6 |  6.2
Throwing       | 3 4 5 6 7 8 |  8.0
Armour         | 3 4 5 6 7 8 |  8.0
Fighting       | 5 6 7 8 |  8.9
Axes           | 5 6 7 8 |  8.9
Dodging        | 5 6 7 8 |  8.9
Translocations | 6 7 8 |  8.4

Action                   |  1- 3 |  4- 6 |  7- 9 | 10-12 || total
-------------------------+-------+-------+-------+-------++-------
Melee: Hand axe          |   117 |   193 |    17 |       ||   327
       Bite              |    10 |    19 |    38 |    68 ||   135
       Punch             |       |     1 |     5 |    19 ||    25
       War axe           |       |       |   345 |   624 ||   969
 Fire: Shortbow          |       |       |       |    23 ||    23
Throw: Stone             |    38 |       |       |       ||    38
       Dart              |     6 |    29 |    35 |    16 ||    86
       Boomerang         |       |       |     6 |    75 ||    81
 Cast: Gell's Gravitas   |     2 |    15 |    34 |    20 ||    71
       Blink             |       |    10 |    11 |    36 ||    57
Invok: Heroism           |       |       |       |     3 ||     3
       Finesse           |       |       |       |     1 ||     1
Evoke: Wand              |       |       |     3 |     9 ||    12
  Use: Scroll            |       |     3 |    13 |     8 ||    24
       Potion            |       |     1 |    10 |     4 ||    15
 Stab: Sleeping          |       |     4 |     5 |    10 ||    19
       Invisible         |       |     1 |       |       ||     1
       Distracted        |       |       |       |     1 ||     1
Armor: Leather armour    |    30 |    39 |    78 |       ||   147
       Ring mail         |       |       |    65 |   114 ||   179
       Troll leather arm |       |       |       |   132 ||   132
Dodge: Dodged            |   107 |   141 |   330 |   722 ||  1300
